Edmonton Oilers vs Minnesota North Stars
Created - Sunday, September 21, 2025 at 08:59
Goals
|
| Edmonton Oilers |
1 |
2 |
0 |
3 |
| Minnesota North Stars |
1 |
2 |
4 |
7 |
|
Shots
|
| Edmonton Oilers |
9 |
10 |
12 |
31 |
| Minnesota North Stars |
11 |
8 |
12 |
31 |
|
1st period
1. Minnesota North Stars , Jack Hughes 13 (Rasmus Dahlin 12) at 0:48 (PP)
2. Edmonton Oilers , Adrian Kempe 20 (Brock Boeser 23, Boone Jenner 28) at 7:11
Penalties :
Jacob Trouba (EDM) for Interference (Minor) at 0:15, Jacob Trouba (EDM) for Tripping (Minor) at 12:50
2nd period
3. Minnesota North Stars , Brock Nelson 9 (Evgeni Malkin 16) at 4:16 (PP)
4. Edmonton Oilers , Morgan Barron 9 (David Savard 13) at 12:11
5. Edmonton Oilers , Jake DeBrusk 21 (Boone Jenner 29, Dawson Mercer 15) at 12:41
6. Minnesota North Stars , Brock Nelson 10 (Jonathan Marchessault 12, William Eklund 15) at 13:32
Penalties :
David Savard (EDM) for Roughing (Minor) at 1:38, Erik Cernak (MNS) for Fighting (Major) at 4:14, Tanner Jeannot (EDM) for Fighting (Major) at 4:14, Tanner Jeannot (EDM) for instigated a fight (Minor) at 4:14, Tanner Jeannot (EDM) for instigated a fight (10 Minutes Misconduct) at 4:14, Ryan McLeod (EDM) for Hooking (Minor) at 4:38, Evgeni Malkin (MNS) for Hooking (Minor) at 13:54
3rd period
7. Minnesota North Stars , Ryan Nugent-Hopkins 6 (Kent Johnson 13) at 3:20
8. Minnesota North Stars , Ryan Nugent-Hopkins 7 (Valeri Nichushkin 16, William Eklund 16) at 4:37
9. Minnesota North Stars , Valeri Nichushkin 19 (Ryan Nugent-Hopkins 11, Gustav Forsling 10) at 10:33
10. Minnesota North Stars , Jack Hughes 14 (Niko Mikkola 6) at 15:12
Penalties :
Adrian Kempe (EDM) for Slashing (Minor) at 0:55
Goalie Stats
Karel Vejmelka (EDM), 24 saves from 31 shots - (0.774), L, 1-1-0, 60:00 minutes
Logan Thompson (MNS), 28 saves from 31 shots - (0.903), W, 17-5-1, 60:00 minutes
Players Stats for Edmonton Oilers
Player Name G A P +/- PIM S H SB GA TA FO MP PP MP PK MP
------------------------------------------------------------------------------------
Adrian Kempe 1 0 1 0 2 6 0 2 0 1 4/6 18:24 1:01 2:58
Boone Jenner 0 2 2 -1 0 3 1 0 0 0 3/8 15:08 0:56 0:00
Brandon Carlo 0 0 0 -2 0 2 1 3 0 1 0/0 25:05 1:00 4:13
Brett Pesce 0 0 0 0 0 0 0 1 0 0 0/0 15:15 0:00 1:55
Brock Boeser 0 1 1 0 0 3 1 0 1 0 1/2 19:41 1:01 4:03
Corey Perry 0 0 0 -1 0 0 0 0 0 1 0/1 9:44 0:02 1:18
David Perron 0 0 0 0 0 1 1 0 0 0 0/0 12:44 0:02 0:00
David Savard 0 1 1 0 2 1 0 0 0 1 0/0 20:13 0:59 3:27
Dawson Mercer 0 1 1 -1 0 0 1 0 0 0 1/3 16:46 0:56 0:59
Drake Caggiula 0 0 0 -1 0 3 2 0 0 0 0/0 8:09 0:00 0:03
Dylan Holloway 0 0 0 0 0 3 2 0 0 0 0/0 16:15 0:00 3:47
Evan Bouchard 0 0 0 0 0 2 1 0 0 1 0/0 21:05 0:59 4:18
Jacob Trouba 0 0 0 -2 4 2 2 3 0 0 0/0 24:23 1:00 3:03
Jake DeBrusk 1 0 1 -1 0 2 0 2 0 0 4/5 19:31 0:56 3:54
Luke Hughes 0 0 0 0 0 1 0 0 0 0 0/0 14:28 0:00 0:06
Morgan Barron 1 0 1 0 0 2 2 1 0 0 0/5 13:12 0:02 0:00
Ryan McLeod 0 0 0 0 2 0 3 0 0 0 7/17 15:22 1:01 0:00
Tanner Jeannot 0 0 0 -1 17 0 0 1 0 0 2/4 5:58 0:00 0:00
Players Stats for Minnesota North Stars
Player Name G A P +/- PIM S H SB GA TA FO MP PP MP PK MP
------------------------------------------------------------------------------------
Brock Nelson 2 0 2 1 0 4 0 0 0 0 3/5 18:18 4:22 0:00
Erik Cernak 0 0 0 1 5 0 3 0 0 0 0/0 16:30 0:00 1:04
Evgeni Malkin 0 1 1 0 2 1 2 0 0 0 4/7 17:45 4:22 0:00
Frank Vatrano 0 0 0 0 0 2 1 1 0 0 0/3 13:19 0:00 0:00
Gustav Forsling 0 1 1 2 0 0 1 2 0 1 0/0 22:29 4:25 1:04
Ivan Barbashev 0 0 0 -1 0 1 3 0 0 0 0/0 8:19 0:00 0:00
Jack Hughes 2 0 2 0 0 5 0 0 1 0 8/15 17:39 4:09 0:00
Jonathan Marchessault 0 1 1 1 0 2 2 0 0 0 0/1 18:12 4:09 0:00
Kent Johnson 0 1 1 2 0 0 2 2 1 0 0/1 14:31 0:00 0:00
Matt Roy 0 0 0 -1 0 0 4 0 1 0 0/0 21:04 4:06 0:55
Mattias Janmark 0 0 0 -1 0 0 1 1 1 0 0/0 9:01 0:00 0:55
Neal Pionk 0 0 0 -1 0 0 0 2 0 0 0/0 21:59 4:25 0:00
Niko Mikkola 0 1 1 2 0 0 0 0 0 0 0/0 17:08 0:00 0:55
Rasmus Dahlin 0 1 1 1 0 0 2 2 0 0 0/0 20:18 4:06 0:00
Ryan Nugent-Hopkins 2 1 3 2 0 2 2 1 0 0 13/17 15:25 0:00 1:04
Valeri Nichushkin 1 1 2 2 0 4 1 1 1 0 0/0 18:11 4:09 0:00
William Eklund 0 2 2 1 0 7 1 0 0 0 0/1 19:13 4:22 1:04
William Karlsson 0 0 0 -1 0 3 0 0 0 0 1/1 8:38 0:00 0:55
3 Stars
1 - Ryan Nugent-Hopkins (MNS)
2 - Brock Nelson (MNS)
3 - Valeri Nichushkin (MNS)
Power Play
Edmonton Oilers - 0 on 1 Attempt(s) - 0.00%
Minnesota North Stars - 2 on 6 Attempt(s) - 33.33%
Penalty Kill
Edmonton Oilers - 4 on 6 Attempt(s) - 66.67%
- Score 0 goal in Penalty Kill
Minnesota North Stars - 1 on 1 Attempt(s) - 100.00%
- Score 0 goal in Penalty Kill
Team Stat
Edmonton Oilers - Hits : 17 - Faceoff Wins : 22 - Blocked Shots : 13 - Penalty Minutes : 27
Minnesota North Stars - Hits : 25 - Faceoff Wins : 29 - Blocked Shots : 12 - Penalty Minutes : 7
Official
Referees : Chris Schlenker and Frederick L'Ecuyer
Linesman : Brad Kovachik and Shandor Alphonso
Game Notes
Tanner Jeannot beats up Erik Cernak at 4:14 of 2nd period
16:44 of 3rd period - Edmonton Oilers goal is going for a video replay. After video review, No Goal. The referee deems the play has been stopped, even if he had not physically had the opportunity to stop play by blowing his whistle.
Finance
Level 1 -- Attendance: 5869 (97.82%) -- Ticket Income $551,686
Level 2 -- Attendance: 4534 (90.68%) -- Ticket Income $253,904
Level 3 -- Attendance: 2873 (95.77%) -- Ticket Income $91,936
Level 4 -- Attendance: 4861 (97.22%) -- Ticket Income $106,942
Luxury Box -- Attendance: 937 (93.70%) -- Ticket Income $180,841
Game was played at the Met Center.
Total Attendance: 19074 (95.37%)
Total Ticket Income: $1,185,309
Other Income: $414,858
Total Income: $1,600,167
Edmonton Oilers
5 vs 5 Forward
Center Left Wing Right Wing Time % Phy DF OF
1 Ryan McLeod Adrian Kempe Brock Boeser 30 1 2 2
2 Boone Jenner Jake DeBrusk Dawson Mercer 30 1 2 2
3 Morgan Barron Dylan Holloway David Perron 25 1 2 2
4 Tanner Jeannot Drake Caggiula Corey Perry 15 1 2 2
5 vs 5 Defense
Defense Defense Time % Phy DF OF
1 Jacob Trouba Brandon Carlo 30 1 2 2
2 David Savard Evan Bouchard 30 1 2 2
3 Luke Hughes Brett Pesce 25 1 2 2
4 Jacob Trouba Brandon Carlo 15 1 2 2
PowerPlay Forward
Center Left Wing Right Wing Time % Phy DF OF
1 Ryan McLeod Adrian Kempe Brock Boeser 50 1 2 2
2 Boone Jenner Jake DeBrusk Dawson Mercer 50 1 2 2
PowerPlay Defense
Defense Defense Time % Phy DF OF
1 Jacob Trouba Brandon Carlo 50 1 2 2
2 David Savard Evan Bouchard 50 1 2 2
Penalty Kill 4 Players Forward
Center Wing Time % Phy DF OF
1 Adrian Kempe Brock Boeser 50 1 2 2
2 Jake DeBrusk Dylan Holloway 50 1 2 2
Penalty Kill 4 Players Defense
Defense Defense Time % Phy DF OF
1 Jacob Trouba Brandon Carlo 50 1 2 2
2 David Savard Evan Bouchard 50 1 2 2
Penalty Kill - 3 Players Forward
Forward Time % Phy DF OF
1 Adrian Kempe 50 1 2 2
2 Brock Boeser 50 1 2 2
Penalty Kill - 3 Players Defense
Defense Defense Time % Phy DF OF
1 Luke Hughes Brandon Carlo 50 1 2 2
2 David Savard Evan Bouchard 50 1 2 2
4 vs 4 Forward
Center Wing Time % Phy DF OF
1 Adrian Kempe Brock Boeser 50 1 2 2
2 Jake DeBrusk Dylan Holloway 50 1 2 2
4 vs 4 Defense
Defense Defense Time % Phy DF OF
1 Brett Pesce Brandon Carlo 50 1 2 2
2 David Savard Evan Bouchard 50 1 2 2
Last Minutes Offensive
Center Left Wing Right Wing Defense Defense
Ryan McLeod Adrian Kempe Brock Boeser Jacob Trouba Brandon Carlo
Last Minutes Defensive
Center Left Wing Right Wing Defense Defense
Ryan McLeod Adrian Kempe Brock Boeser Jacob Trouba Brandon Carlo
Goaltenders
Starting : Karel Vejmelka
Backup : Juuse Saros
Extra Forwards
Normal : Morgan Barron, David Perron, Corey Perry - PP : Morgan Barron, David Perron - PK : Corey Perry
Extra Defensemen
Normal : Luke Hughes, Brett Pesce, David Savard - PP : Luke Hughes - PK : Brett Pesce, David Savard
Penalty Shots
Adrian Kempe, Brock Boeser, Jake DeBrusk, Dylan Holloway, Ryan McLeod
Scratches
Troy Stecher (Healthy), Derek Ryan (Healthy), Jeff Carter (Healthy), Scott Mayfield (Healthy), Jonathan Quick (Healthy)
Minnesota North Stars
5 vs 5 Forward
Center Left Wing Right Wing Time % Phy DF OF
1 Ryan Nugent-Hopkins Kent Johnson Valeri Nichushkin 32 1 2 2
2 Jack Hughes Evgeni Malkin Frank Vatrano 31 1 2 2
3 Brock Nelson William Eklund Jonathan Marchessault 31 1 1 3
4 William Karlsson Ivan Barbashev Mattias Janmark 6 1 2 2
5 vs 5 Defense
Defense Defense Time % Phy DF OF
1 Neal Pionk Matt Roy 34 1 3 1
2 Rasmus Dahlin Erik Cernak 33 1 3 1
3 Gustav Forsling Niko Mikkola 33 1 3 1
4 Rasmus Dahlin Matt Roy 0 0 3 2
PowerPlay Forward
Center Left Wing Right Wing Time % Phy DF OF
1 Jack Hughes Jonathan Marchessault Valeri Nichushkin 50 0 1 4
2 Evgeni Malkin Brock Nelson William Eklund 50 0 1 4
PowerPlay Defense
Defense Defense Time % Phy DF OF
1 Rasmus Dahlin Matt Roy 50 0 2 3
2 Gustav Forsling Neal Pionk 50 0 2 3
Penalty Kill 4 Players Forward
Center Wing Time % Phy DF OF
1 Ryan Nugent-Hopkins William Eklund 50 0 5 0
2 William Karlsson Mattias Janmark 50 0 5 0
Penalty Kill 4 Players Defense
Defense Defense Time % Phy DF OF
1 Erik Cernak Gustav Forsling 50 0 5 0
2 Matt Roy Niko Mikkola 50 0 5 0
Penalty Kill - 3 Players Forward
Forward Time % Phy DF OF
1 Ryan Nugent-Hopkins 50 0 5 0
2 Mattias Janmark 50 0 5 0
Penalty Kill - 3 Players Defense
Defense Defense Time % Phy DF OF
1 Matt Roy Erik Cernak 50 0 5 0
2 Gustav Forsling Niko Mikkola 50 0 5 0
4 vs 4 Forward
Center Wing Time % Phy DF OF
1 Jack Hughes Valeri Nichushkin 50 1 1 3
2 Evgeni Malkin William Eklund 50 1 1 3
4 vs 4 Defense
Defense Defense Time % Phy DF OF
1 Rasmus Dahlin Neal Pionk 50 1 3 1
2 Gustav Forsling Niko Mikkola 50 1 3 1
Last Minutes Offensive
Center Left Wing Right Wing Defense Defense
Jack Hughes Jonathan Marchessault Valeri Nichushkin Rasmus Dahlin Gustav Forsling
Last Minutes Defensive
Center Left Wing Right Wing Defense Defense
Ryan Nugent-Hopkins Mattias Janmark Valeri Nichushkin Erik Cernak Gustav Forsling
Goaltenders
Starting : Logan Thompson
Backup : Charlie Lindgren
Extra Forwards
Normal : William Eklund, Ivan Barbashev, Jonathan Marchessault - PP : William Eklund, Jonathan Marchessault - PK : Jonathan Marchessault
Extra Defensemen
Normal : Neal Pionk, Niko Mikkola, Gustav Forsling - PP : Neal Pionk - PK : Niko Mikkola, Gustav Forsling
Penalty Shots
William Eklund, Jonathan Marchessault, Valeri Nichushkin, Evgeni Malkin, Ryan Nugent-Hopkins
Scratches
Lawson Crouse (Healthy), Dylan DeMelo (Healthy)
% Time on Ice - Edmonton Oilers
Lines # - Real PCT - Wanted PCT - Time Play
Normal Forward
1 - 30% - 30% - 14:44
2 - 30% - 30% - 14:41
3 - 24% - 25% - 11:59
4 - 16% - 15% - 8:06
Normal Defense
1 - 29% - 30% - 14:22
2 - 32% - 30% - 15:48
3 - 27% - 25% - 13:20
4 - 12% - 15% - 6:00
PP Forward
1 - 53% - 50% - 1:03
2 - 47% - 50% - 0:56
PP Defense
1 - 50% - 50% - 1:00
2 - 50% - 50% - 0:59
PK Forward
1 - 52% - 50% - 4:28
2 - 48% - 50% - 4:03
PK Defense
1 - 50% - 50% - 4:13
2 - 50% - 50% - 4:18
PK3 Forward
1 - 0% - 50%
2 - 0% - 50%
PK3 Defense
1 - 0% - 50%
2 - 0% - 50%
44 Forward
1 - 0% - 50%
2 - 0% - 50%
44 Defense
1 - 0% - 50%
2 - 0% - 50%
Last Minute Offensive - 0:00
Last Minute Defensive - 0:00
Total
Forward - 60:00
Defense - 60:00
|
% Time on Ice - Minnesota North Stars
Lines # - Real PCT - Wanted PCT - Time Play
Normal Forward
1 - 29% - 32% - 14:32
2 - 27% - 31% - 13:23
3 - 28% - 31% - 13:52
4 - 16% - 6% - 7:43
Normal Defense
1 - 31% - 34% - 15:29
2 - 39% - 33% - 19:16
3 - 30% - 33% - 14:45
4 - 0% - 0% - 0:00
PP Forward
1 - 49% - 50% - 4:09
2 - 51% - 50% - 4:22
PP Defense
1 - 48% - 50% - 4:06
2 - 52% - 50% - 4:25
PK Forward
1 - 54% - 50% - 1:04
2 - 46% - 50% - 0:55
PK Defense
1 - 54% - 50% - 1:04
2 - 46% - 50% - 0:55
PK3 Forward
1 - 0% - 50%
2 - 0% - 50%
PK3 Defense
1 - 0% - 50%
2 - 0% - 50%
44 Forward
1 - 0% - 50%
2 - 0% - 50%
44 Defense
1 - 0% - 50%
2 - 0% - 50%
Last Minute Offensive - 0:00
Last Minute Defensive - 0:00
Total
Forward - 60:00
Defense - 60:00
|
Play-by-Play
1st period
0:01 of 1st period - Ryan Nugent-Hopkins wins face-off versus Ryan McLeod in neutral zone.
0:15 of 1st period - Minor Penalty to Jacob Trouba for Interference.
0:16 of 1st period - Adrian Kempe wins face-off versus Jonathan Marchessault in Edmonton Oilers zone.
0:28 of 1st period - Snap shot by Jack Hughes.
0:28 of 1st period - Shot Blocked by Brandon Carlo.
0:40 of 1st period - Rasmus Dahlin is hit by Brandon Carlo.
0:48 of 1st period - Wrist shot by Jack Hughes.
0:48 of 1st period - Goal by Jack Hughes - Edmonton Oilers : 0 - Minnesota North Stars : 1.
0:49 of 1st period - Boone Jenner wins face-off versus Frank Vatrano in neutral zone.
1:04 of 1st period - Wrist shot by Frank Vatrano.
1:04 of 1st period - Stopped by Karel Vejmelka with a rebound.
2:09 of 1st period - Wrist shot by Ivan Barbashev.
2:09 of 1st period - Shot Blocked by Adrian Kempe.
2:23 of 1st period - Slapshot by Jack Hughes.
2:23 of 1st period - Shot Blocked by Jake DeBrusk.
2:55 of 1st period - Wrist shot by William Eklund.
2:55 of 1st period - Stopped by Karel Vejmelka with a rebound.
3:27 of 1st period - Drake Caggiula is hit by Frank Vatrano and loses puck.
4:14 of 1st period - Wrist shot by Jonathan Marchessault.
4:14 of 1st period - Stopped by Karel Vejmelka with a rebound.
5:33 of 1st period - Snap shot by Brock Boeser.
5:33 of 1st period - Shot Blocked by Mattias Janmark.
5:41 of 1st period - Jacob Trouba is hit by Ivan Barbashev and loses puck.
6:02 of 1st period - David Savard is hit by Kent Johnson and loses puck.
7:11 of 1st period - Slapshot by Adrian Kempe.
7:11 of 1st period - Goal by Adrian Kempe - Edmonton Oilers : 1 - Minnesota North Stars : 1.
7:12 of 1st period - Ryan Nugent-Hopkins wins face-off versus Boone Jenner in neutral zone.
7:19 of 1st period - Snap shot by Valeri Nichushkin.
7:19 of 1st period - Shot Misses the Net.
7:43 of 1st period - Off-side.
7:44 of 1st period - Brock Nelson wins face-off versus Morgan Barron in neutral zone.
8:09 of 1st period - Erik Cernak is hit by Boone Jenner.
8:19 of 1st period - Slapshot by William Eklund.
8:19 of 1st period - Stopped by Karel Vejmelka without a rebound.
8:20 of 1st period - Ryan McLeod wins face-off versus Jack Hughes in Edmonton Oilers zone.
8:25 of 1st period - Slapshot by Brock Boeser.
8:25 of 1st period - Stopped by Logan Thompson with a rebound.
8:27 of 1st period - Slapshot by Jacob Trouba.
8:27 of 1st period - Stopped by Logan Thompson without a rebound.
8:28 of 1st period - Jack Hughes wins face-off versus Ryan McLeod in Minnesota North Stars zone.
9:22 of 1st period - Slapshot by Brock Boeser.
9:22 of 1st period - Stopped by Logan Thompson without a rebound.
9:23 of 1st period - Dawson Mercer wins face-off versus Ryan Nugent-Hopkins in Minnesota North Stars zone.
9:24 of 1st period - Snap shot by Jake DeBrusk.
9:24 of 1st period - Stopped by Logan Thompson without a rebound.
9:25 of 1st period - Ryan Nugent-Hopkins wins face-off versus Boone Jenner in Minnesota North Stars zone.
10:37 of 1st period - Jacob Trouba is hit by Erik Cernak and loses puck.
10:42 of 1st period - Snap shot by Jack Hughes.
10:42 of 1st period - Stopped by Karel Vejmelka with a rebound.
11:04 of 1st period - Slapshot by Ryan McLeod.
11:04 of 1st period - Shot Blocked by Neal Pionk.
11:30 of 1st period - Wrist shot by William Karlsson.
11:30 of 1st period - Stopped by Karel Vejmelka without a rebound.
11:31 of 1st period - Brock Nelson wins face-off versus Ryan McLeod in Edmonton Oilers zone.
11:32 of 1st period - Slapshot by William Eklund.
11:32 of 1st period - Stopped by Karel Vejmelka without a rebound.
11:33 of 1st period - Brock Boeser wins face-off versus Brock Nelson in Edmonton Oilers zone.
11:38 of 1st period - Ryan McLeod is hit by Jonathan Marchessault and loses puck.
12:21 of 1st period - Snap shot by Jack Hughes.
12:21 of 1st period - Deflect By Evgeni Malkin.
12:21 of 1st period - Shot Misses the Net.
12:21 of 1st period - Puck is out of play.
12:22 of 1st period - Jack Hughes wins face-off versus Morgan Barron in Edmonton Oilers zone.
12:33 of 1st period - Snap shot by Jack Hughes.
12:33 of 1st period - Stopped by Karel Vejmelka with a rebound.
12:35 of 1st period - Slapshot by Rasmus Dahlin.
12:35 of 1st period - Shot Misses the Net.
12:37 of 1st period - Slapshot by Evgeni Malkin.
12:37 of 1st period - Shot Misses the Net.
12:43 of 1st period - Backhand shot by Frank Vatrano.
12:43 of 1st period - Shot Blocked by Jacob Trouba.
12:45 of 1st period - Wrist shot by Frank Vatrano.
12:45 of 1st period - Shot Blocked by Jacob Trouba.
12:50 of 1st period - Minor Penalty to Jacob Trouba for Tripping.
12:51 of 1st period - Adrian Kempe wins face-off versus Evgeni Malkin in Edmonton Oilers zone.
13:07 of 1st period - Dylan Holloway is hit by William Eklund and loses puck.
14:50 of 1st period - Penalty to Jacob Trouba is over, Jacob Trouba is back on ice.
15:04 of 1st period - Brett Pesce is hit by Mattias Janmark.
15:24 of 1st period - Erik Cernak is hit by Morgan Barron and loses puck.
15:49 of 1st period - Jack Hughes is hit by Drake Caggiula and loses puck.
16:19 of 1st period - Brock Nelson is hit by Dylan Holloway and loses puck.
16:30 of 1st period - Dawson Mercer is hit by Ivan Barbashev and loses puck.
17:11 of 1st period - Snap shot by Dylan Holloway.
17:11 of 1st period - Stopped by Logan Thompson without a rebound.
17:12 of 1st period - Jack Hughes wins face-off versus Morgan Barron in Minnesota North Stars zone.
17:12 of 1st period - Jack Hughes is hit by David Perron.
17:18 of 1st period - Matt Roy is hit by Dylan Holloway and loses puck.
17:23 of 1st period - Snap shot by Dylan Holloway.
17:23 of 1st period - Stopped by Logan Thompson with a rebound.
17:45 of 1st period - Snap shot by Jonathan Marchessault.
17:45 of 1st period - Stopped by Karel Vejmelka without a rebound.
17:46 of 1st period - Jake DeBrusk wins face-off versus Brock Nelson in Edmonton Oilers zone.
17:46 of 1st period - Jake DeBrusk is hit by Jonathan Marchessault.
18:34 of 1st period - Snap shot by William Eklund.
18:34 of 1st period - Stopped by Karel Vejmelka with a rebound.
19:27 of 1st period - Wrist shot by Boone Jenner.
19:27 of 1st period - Shot Misses the Net.
19:29 of 1st period - Slapshot by Brandon Carlo.
19:29 of 1st period - Deflect By Boone Jenner.
19:29 of 1st period - Stopped by Logan Thompson with a rebound.
19:31 of 1st period - Wrist shot by Brandon Carlo.
19:31 of 1st period - Shot Misses the Net.
19:39 of 1st period - Wrist shot by Boone Jenner.
19:39 of 1st period - Shot Misses the Net.
19:41 of 1st period - Slapshot by Brandon Carlo.
19:41 of 1st period - Stopped by Logan Thompson without a rebound.
19:42 of 1st period - Ryan McLeod wins face-off versus Ryan Nugent-Hopkins in Minnesota North Stars zone.
Goals for this period are 1 for Edmonton Oilers vs 1 for Minnesota North Stars.
Shots for this period are 9 for Edmonton Oilers vs 11 for Minnesota North Stars.
2nd period
0:01 of 2nd period - Ryan Nugent-Hopkins wins face-off versus Adrian Kempe in neutral zone.
0:31 of 2nd period - Snap shot by Brock Nelson.
0:31 of 2nd period - Stopped by Karel Vejmelka with a rebound.
0:53 of 2nd period - Gustav Forsling is hit by Drake Caggiula and loses puck.
0:58 of 2nd period - Slapshot by Luke Hughes.
0:58 of 2nd period - Shot Misses the Net.
1:00 of 2nd period - Wrist shot by Drake Caggiula.
1:00 of 2nd period - Stopped by Logan Thompson with a rebound.
1:02 of 2nd period - Slapshot by Brett Pesce.
1:02 of 2nd period - Shot Misses the Net.
1:04 of 2nd period - Slapshot by Drake Caggiula.
1:04 of 2nd period - Stopped by Logan Thompson with a rebound.
1:14 of 2nd period - Snap shot by Valeri Nichushkin.
1:14 of 2nd period - Stopped by Karel Vejmelka without a rebound.
1:15 of 2nd period - Jake DeBrusk wins face-off versus Ryan Nugent-Hopkins in Edmonton Oilers zone.
1:38 of 2nd period - Minor Penalty to David Savard for Roughing.
1:39 of 2nd period - Jake DeBrusk wins face-off versus Evgeni Malkin in Edmonton Oilers zone.
1:52 of 2nd period - Snap shot by Brock Nelson.
1:52 of 2nd period - Deflect By Evgeni Malkin.
1:52 of 2nd period - Stopped by Karel Vejmelka without a rebound.
1:53 of 2nd period - Adrian Kempe wins face-off versus Jack Hughes in Edmonton Oilers zone.
2:05 of 2nd period - Off-side.
2:06 of 2nd period - Evgeni Malkin wins face-off versus Jake DeBrusk in neutral zone.
2:09 of 2nd period - Brandon Carlo is hit by Evgeni Malkin.
3:38 of 2nd period - Penalty to David Savard is over, David Savard is back on ice.
3:56 of 2nd period - Wrist shot by Dylan Holloway.
3:56 of 2nd period - Stopped by Logan Thompson with a rebound.
3:58 of 2nd period - Backhand shot by Evan Bouchard.
3:58 of 2nd period - Stopped by Logan Thompson with a rebound.
4:00 of 2nd period - Slapshot by Jake DeBrusk.
4:00 of 2nd period - Shot Blocked by Gustav Forsling.
4:02 of 2nd period - Slapshot by Luke Hughes.
4:02 of 2nd period - Stopped by Logan Thompson without a rebound.
4:03 of 2nd period - Tanner Jeannot wins face-off versus Ryan Nugent-Hopkins in Minnesota North Stars zone.
4:09 of 2nd period - Off-side.
4:10 of 2nd period - Ryan Nugent-Hopkins wins face-off versus Tanner Jeannot in neutral zone.
4:14 of 2nd period - Tanner Jeannot beats up Erik Cernak.
4:14 of 2nd period - Penalty to Erik Cernak for Fighting.
4:14 of 2nd period - Penalty to Tanner Jeannot for Fighting.
4:14 of 2nd period - Penalty to Tanner Jeannot for instigated a fight.
4:14 of 2nd period - Penalty to Tanner Jeannot for instigated a fight.
4:15 of 2nd period - Evgeni Malkin wins face-off versus Adrian Kempe in Edmonton Oilers zone.
4:16 of 2nd period - Snap shot by Brock Nelson.
4:16 of 2nd period - Goal by Brock Nelson - Edmonton Oilers : 1 - Minnesota North Stars : 2.
4:17 of 2nd period - Ryan Nugent-Hopkins wins face-off versus Ryan McLeod in neutral zone.
4:20 of 2nd period - Brock Boeser is hit by Kent Johnson and loses puck.
4:38 of 2nd period - Minor Penalty to Ryan McLeod for Hooking.
4:39 of 2nd period - Jake DeBrusk wins face-off versus Evgeni Malkin in Edmonton Oilers zone.
5:05 of 2nd period - David Savard is hit by Valeri Nichushkin and loses puck.
5:10 of 2nd period - Snap shot by Valeri Nichushkin.
5:10 of 2nd period - Shot Blocked by Jake DeBrusk.
6:38 of 2nd period - Penalty to Ryan McLeod is over, Ryan McLeod is back on ice.
7:09 of 2nd period - Dawson Mercer is hit by Gustav Forsling and loses puck.
7:59 of 2nd period - Drake Caggiula is hit by Rasmus Dahlin and loses puck.
8:34 of 2nd period - Ryan McLeod is hit by Ryan Nugent-Hopkins and loses puck.
9:29 of 2nd period - Wrist shot by Boone Jenner.
9:29 of 2nd period - Shot Blocked by Frank Vatrano.
10:15 of 2nd period - William Eklund is hit by Jacob Trouba and loses puck.
10:25 of 2nd period - Icing by Jacob Trouba.
10:26 of 2nd period - William Karlsson wins face-off versus Dawson Mercer in Edmonton Oilers zone.
10:39 of 2nd period - Mattias Janmark is hit by Jacob Trouba and loses puck.
10:52 of 2nd period - Wrist shot by Morgan Barron.
10:52 of 2nd period - Stopped by Logan Thompson with a rebound.
11:04 of 2nd period - Snap shot by Ivan Barbashev.
11:04 of 2nd period - Stopped by Karel Vejmelka without a rebound.
11:05 of 2nd period - Ryan McLeod wins face-off versus Jack Hughes in Edmonton Oilers zone.
11:42 of 2nd period - Slapshot by Valeri Nichushkin.
11:42 of 2nd period - Shot Misses the Net.
12:11 of 2nd period - Slapshot by Morgan Barron.
12:11 of 2nd period - Goal by Morgan Barron - Edmonton Oilers : 2 - Minnesota North Stars : 2.
12:12 of 2nd period - Ryan McLeod wins face-off versus Jack Hughes in neutral zone.
12:39 of 2nd period - Wrist shot by Boone Jenner.
12:39 of 2nd period - Shot Misses the Net.
12:41 of 2nd period - Wrist shot by Jake DeBrusk.
12:41 of 2nd period - Goal by Jake DeBrusk - Edmonton Oilers : 3 - Minnesota North Stars : 2.
12:42 of 2nd period - Ryan McLeod wins face-off versus Jack Hughes in neutral zone.
12:53 of 2nd period - Ryan McLeod is hit by Evgeni Malkin and loses puck.
13:30 of 2nd period - Wrist shot by Jonathan Marchessault.
13:30 of 2nd period - Shot Misses the Net.
13:32 of 2nd period - Snap shot by Brock Nelson.
13:32 of 2nd period - Goal by Brock Nelson - Edmonton Oilers : 3 - Minnesota North Stars : 3.
13:33 of 2nd period - Ryan McLeod wins face-off versus Frank Vatrano in neutral zone.
13:54 of 2nd period - Minor Penalty to Evgeni Malkin for Hooking.
13:55 of 2nd period - Ryan Nugent-Hopkins wins face-off versus Ryan McLeod in Minnesota North Stars zone.
14:27 of 2nd period - Slapshot by Evan Bouchard.
14:27 of 2nd period - Stopped by Logan Thompson with a rebound.
15:21 of 2nd period - Brock Boeser is hit by Matt Roy and loses puck.
15:54 of 2nd period - Penalty to Evgeni Malkin is over, Evgeni Malkin is back on ice.
16:18 of 2nd period - Drake Caggiula is hit by Matt Roy and loses puck.
16:40 of 2nd period - Slapshot by Kent Johnson.
16:40 of 2nd period - Deflect By Ryan Nugent-Hopkins.
16:40 of 2nd period - Shot Misses the Net.
16:40 of 2nd period - Puck is out of play.
16:41 of 2nd period - Ryan Nugent-Hopkins wins face-off versus Ryan McLeod in Edmonton Oilers zone.
16:50 of 2nd period - Slapshot by Valeri Nichushkin.
16:50 of 2nd period - Stopped by Karel Vejmelka with a rebound.
17:39 of 2nd period - Brock Boeser is hit by Ivan Barbashev and loses puck.
17:46 of 2nd period - Niko Mikkola is hit by Ryan McLeod and loses puck.
18:35 of 2nd period - Icing by Evan Bouchard.
18:36 of 2nd period - Brock Nelson wins face-off versus Morgan Barron in Edmonton Oilers zone.
19:13 of 2nd period - Wrist shot by Morgan Barron.
19:13 of 2nd period - Deflect By David Perron.
19:13 of 2nd period - Stopped by Logan Thompson with a rebound.
19:14 of 2nd period - 10 Minutes Misconduct Penalty to Tanner Jeannot is over.
19:15 of 2nd period - Wrist shot by Morgan Barron.
19:15 of 2nd period - Deflect By Dylan Holloway.
19:15 of 2nd period - Shot Misses the Net.
19:15 of 2nd period - Puck is out of play.
19:16 of 2nd period - Adrian Kempe wins face-off versus William Eklund in Minnesota North Stars zone.
19:27 of 2nd period - Slapshot by William Eklund.
19:27 of 2nd period - Stopped by Karel Vejmelka with a rebound.
Goals for this period are 2 for Edmonton Oilers vs 2 for Minnesota North Stars.
Shots for this period are 10 for Edmonton Oilers vs 8 for Minnesota North Stars.
3rd period
0:01 of 3rd period - Ryan Nugent-Hopkins wins face-off versus Ryan McLeod in neutral zone.
0:12 of 3rd period - Slapshot by Adrian Kempe.
0:12 of 3rd period - Stopped by Logan Thompson with a rebound.
0:14 of 3rd period - Slapshot by Brandon Carlo.
0:14 of 3rd period - Stopped by Logan Thompson without a rebound.
0:15 of 3rd period - Jack Hughes wins face-off versus Boone Jenner in Minnesota North Stars zone.
0:49 of 3rd period - Neal Pionk is hit by Brock Boeser and loses puck.
0:55 of 3rd period - Minor Penalty to Adrian Kempe for Slashing.
0:56 of 3rd period - Evgeni Malkin wins face-off versus Brock Boeser in Edmonton Oilers zone.
0:56 of 3rd period - Snap shot by William Eklund.
0:56 of 3rd period - Shot Misses the Net.
0:58 of 3rd period - Wrist shot by Evgeni Malkin.
0:58 of 3rd period - Shot Blocked by Jacob Trouba.
1:00 of 3rd period - Snap shot by William Eklund.
1:00 of 3rd period - Stopped by Karel Vejmelka without a rebound.
1:01 of 3rd period - Evgeni Malkin wins face-off versus Corey Perry in Edmonton Oilers zone.
1:48 of 3rd period - Snap shot by Jack Hughes.
1:48 of 3rd period - Stopped by Karel Vejmelka with a rebound.
2:06 of 3rd period - Snap shot by Dawson Mercer.
2:06 of 3rd period - Shot Misses the Net.
2:55 of 3rd period - Penalty to Adrian Kempe is over, Adrian Kempe is back on ice.
3:16 of 3rd period - Off-side.
3:17 of 3rd period - Ryan Nugent-Hopkins wins face-off versus Morgan Barron in neutral zone.
3:20 of 3rd period - Backhand shot by Kent Johnson.
3:20 of 3rd period - Deflect By Ryan Nugent-Hopkins.
3:20 of 3rd period - Goal by Ryan Nugent-Hopkins - Edmonton Oilers : 3 - Minnesota North Stars : 4.
3:21 of 3rd period - Ryan Nugent-Hopkins wins face-off versus Boone Jenner in neutral zone.
3:26 of 3rd period - Jake DeBrusk is hit by Erik Cernak and loses puck.
3:33 of 3rd period - Snap shot by Ryan Nugent-Hopkins.
3:33 of 3rd period - Shot Blocked by Brandon Carlo.
3:35 of 3rd period - Wrist shot by Kent Johnson.
3:35 of 3rd period - Shot Misses the Net.
3:37 of 3rd period - Snap shot by Valeri Nichushkin.
3:37 of 3rd period - Shot Misses the Net.
3:47 of 3rd period - Erik Cernak is hit by Ryan McLeod.
3:55 of 3rd period - Slapshot by Rasmus Dahlin.
3:55 of 3rd period - Shot Blocked by Brandon Carlo.
3:57 of 3rd period - Slapshot by Niko Mikkola.
3:57 of 3rd period - Shot Blocked by Adrian Kempe.
4:37 of 3rd period - Wrist shot by Ryan Nugent-Hopkins.
4:37 of 3rd period - Goal by Ryan Nugent-Hopkins - Edmonton Oilers : 3 - Minnesota North Stars : 5.
4:38 of 3rd period - Boone Jenner wins face-off versus Frank Vatrano in neutral zone.
5:03 of 3rd period - Evan Bouchard is hit by Ryan Nugent-Hopkins and loses puck.
5:10 of 3rd period - Slapshot by David Savard.
5:10 of 3rd period - Stopped by Logan Thompson with a rebound.
5:12 of 3rd period - Snap shot by Adrian Kempe.
5:12 of 3rd period - Stopped by Logan Thompson with a rebound.
5:32 of 3rd period - William Eklund is hit by Morgan Barron.
5:42 of 3rd period - Slapshot by Neal Pionk.
5:42 of 3rd period - Shot Blocked by Tanner Jeannot.
5:50 of 3rd period - Wrist shot by Drake Caggiula.
5:50 of 3rd period - Stopped by Logan Thompson with a rebound.
5:52 of 3rd period - Slapshot by Jacob Trouba.
5:52 of 3rd period - Shot Blocked by Neal Pionk.
7:24 of 3rd period - Snap shot by William Karlsson.
7:24 of 3rd period - Stopped by Karel Vejmelka without a rebound.
7:25 of 3rd period - Jack Hughes wins face-off versus Dawson Mercer in Edmonton Oilers zone.
7:28 of 3rd period - Snap shot by Frank Vatrano.
7:28 of 3rd period - Shot Misses the Net.
8:28 of 3rd period - Brett Pesce is hit by Rasmus Dahlin and loses puck.
8:35 of 3rd period - William Eklund is hit by Dawson Mercer and loses puck.
9:09 of 3rd period - Snap shot by Dawson Mercer.
9:09 of 3rd period - Shot Misses the Net.
10:19 of 3rd period - Wrist shot by Boone Jenner.
10:19 of 3rd period - Deflect By Rasmus Dahlin.
10:19 of 3rd period - Stopped by Logan Thompson with a rebound.
10:21 of 3rd period - Backhand shot by Dawson Mercer.
10:21 of 3rd period - Shot Hit the Post.
10:23 of 3rd period - Snap shot by Boone Jenner.
10:23 of 3rd period - Stopped by Logan Thompson without a rebound.
10:24 of 3rd period - Ryan McLeod wins face-off versus Kent Johnson in Minnesota North Stars zone.
10:31 of 3rd period - Slapshot by Valeri Nichushkin.
10:31 of 3rd period - Stopped by Karel Vejmelka with a rebound.
10:33 of 3rd period - Backhand shot by Valeri Nichushkin.
10:33 of 3rd period - Goal by Valeri Nichushkin - Edmonton Oilers : 3 - Minnesota North Stars : 6.
10:34 of 3rd period - Jack Hughes wins face-off versus Ryan McLeod in neutral zone.
10:39 of 3rd period - Snap shot by Frank Vatrano.
10:39 of 3rd period - Stopped by Karel Vejmelka with a rebound.
11:27 of 3rd period - Wrist shot by William Karlsson.
11:27 of 3rd period - Stopped by Karel Vejmelka with a rebound.
11:29 of 3rd period - Wrist shot by Ivan Barbashev.
11:29 of 3rd period - Shot Blocked by Morgan Barron.
11:31 of 3rd period - Snap shot by William Karlsson.
11:31 of 3rd period - Shot Misses the Net.
11:33 of 3rd period - Snap shot by Mattias Janmark.
11:33 of 3rd period - Shot Misses the Net.
11:35 of 3rd period - Slapshot by Matt Roy.
11:35 of 3rd period - Shot Misses the Net.
12:10 of 3rd period - Slapshot by Brock Boeser.
12:10 of 3rd period - Shot Misses the Net.
12:16 of 3rd period - Slapshot by Brock Boeser.
12:16 of 3rd period - Stopped by Logan Thompson with a rebound.
12:37 of 3rd period - Off-side.
12:38 of 3rd period - Tanner Jeannot wins face-off versus Jack Hughes in neutral zone.
12:53 of 3rd period - Backhand shot by Evan Bouchard.
12:53 of 3rd period - Shot Blocked by Rasmus Dahlin.
13:09 of 3rd period - David Savard is hit by Erik Cernak and loses puck.
13:31 of 3rd period - Wrist shot by Brock Nelson.
13:31 of 3rd period - Stopped by Karel Vejmelka with a rebound.
14:21 of 3rd period - Corey Perry is hit by Matt Roy.
14:47 of 3rd period - Snap shot by William Eklund.
14:47 of 3rd period - Stopped by Karel Vejmelka with a rebound.
15:03 of 3rd period - Boone Jenner is hit by Matt Roy and loses puck.
15:12 of 3rd period - Slapshot by Jack Hughes.
15:12 of 3rd period - Goal by Jack Hughes - Edmonton Oilers : 3 - Minnesota North Stars : 7.
15:13 of 3rd period - Ryan Nugent-Hopkins wins face-off versus Ryan McLeod in neutral zone.
15:16 of 3rd period - Snap shot by Brock Boeser.
15:16 of 3rd period - Shot Misses the Net.
15:18 of 3rd period - Slapshot by Jacob Trouba.
15:18 of 3rd period - Stopped by Logan Thompson with a rebound.
15:20 of 3rd period - Snap shot by Adrian Kempe.
15:20 of 3rd period - Shot Blocked by Valeri Nichushkin.
15:22 of 3rd period - Wrist shot by Adrian Kempe.
15:22 of 3rd period - Stopped by Logan Thompson without a rebound.
15:23 of 3rd period - Ryan Nugent-Hopkins wins face-off versus Ryan McLeod in Minnesota North Stars zone.
15:28 of 3rd period - Gustav Forsling is hit by Ryan McLeod and loses puck.
16:01 of 3rd period - Snap shot by Adrian Kempe.
16:01 of 3rd period - Shot Blocked by Gustav Forsling.
16:03 of 3rd period - Snap shot by Adrian Kempe.
16:03 of 3rd period - Shot Misses the Net.
16:40 of 3rd period - Snap shot by Adrian Kempe.
16:40 of 3rd period - Stopped by Logan Thompson with a rebound.
16:42 of 3rd period - Wrist shot by Adrian Kempe.
16:42 of 3rd period - Shot Blocked by Kent Johnson.
16:44 of 3rd period - Snap shot by Adrian Kempe.
16:44 of 3rd period - Edmonton Oilers goal is going for a video replay.
16:44 of 3rd period - The goal is refused. The referee deems the play has been stopped, even if he had not physically had the opportunity to stop play by blowing his whistle..
16:45 of 3rd period - Boone Jenner wins face-off versus Jack Hughes in Minnesota North Stars zone.
16:54 of 3rd period - Snap shot by Matt Roy.
16:54 of 3rd period - Shot Blocked by Brett Pesce.
17:41 of 3rd period - Snap shot by Tanner Jeannot.
17:41 of 3rd period - Shot Blocked by Rasmus Dahlin.
18:25 of 3rd period - Snap shot by Drake Caggiula.
18:25 of 3rd period - Shot Misses the Net.
18:55 of 3rd period - Icing by Brandon Carlo.
18:56 of 3rd period - Jack Hughes wins face-off versus Tanner Jeannot in Edmonton Oilers zone.
19:43 of 3rd period - Ryan Nugent-Hopkins is hit by Evan Bouchard and loses puck.
19:48 of 3rd period - Snap shot by David Perron.
19:48 of 3rd period - Shot Misses the Net.
19:50 of 3rd period - Snap shot by Dylan Holloway.
19:50 of 3rd period - Shot Blocked by Kent Johnson.
19:52 of 3rd period - Snap shot by Brett Pesce.
19:52 of 3rd period - Deflect By David Perron.
19:52 of 3rd period - Shot Blocked by Ryan Nugent-Hopkins.
19:52 of 3rd period - Puck is out of play.
19:53 of 3rd period - Jack Hughes wins face-off versus Boone Jenner in Minnesota North Stars zone.
Goals for this period are 0 for Edmonton Oilers vs 4 for Minnesota North Stars.
Shots for this period are 12 for Edmonton Oilers vs 12 for Minnesota North Stars.
Back to the Top